 Dungeon Crawl Stone Soup version 0.25.1-8-g42b30a86e7 (webtiles) character file.

Game seed: 8879952442265281511

336 Clowwww the Caller (level 6, -2/33 HPs)
             Began as a Deep Elf Summoner on Nov 30, 2020.
             Shot with a stone by a goblin (4 damage)
             ... on level 3 of the Dungeon.
             The game lasted 00:13:31 (5395 turns).

Clowwww the Caller (Deep Elf Summoner)              Turns: 5395, Time: 00:13:32

Health: -2/33      AC:  2    Str:  5    XL:     6   Next: 28%
Magic:  0/16       EV: 13    Int: 22    God:
Gold:   241        SH:  0    Dex: 15    Spells: 6/16 levels left

rFire    . . .     SeeInvis .   d - +4 dagger (speed)
rCold    . . .     Gourm    .   (no shield)
rNeg     . . .     Faith    .   a - +0 robe
rPois    .         Spirit   .   (no helmet)
rElec    .         Reflect  .   (no cloak)
rCorr    .         Harm     .   (no gloves)
MR       .....                  (no boots)
Stlth    ++........             (no amulet)
HPRegen  0.11/turn              (no ring)
MPRegen  0.15/turn              (no ring)

@: no status effects
A: no striking features
a: no special abilities


You were on level 3 of the Dungeon.
You were not hungry.

You visited 1 branch of the dungeon, and saw 3 of its levels.

You collected 241 gold pieces.

Inventory:

Hand Weapons
 d - a +4 dagger of speed (weapon)
 m - a +4 whip
Armour
 a - a +0 robe (worn)
Jewellery
 i - an uncursed ring of protection from fire {unknown}
Scrolls
 b - a scroll of noise {unknown}
 g - a scroll of random uselessness {unknown}
 j - a scroll of fog {unknown}
 k - a scroll of teleportation {unknown}
 l - a scroll of identify {unknown}
 n - 2 scrolls of magic mapping {unknown}
 p - a scroll of remove curse {unknown}
 q - a scroll of fear {unknown}
 s - a scroll of immolation {unknown}
Potions
 e - 2 potions of heal wounds
 f - a potion of degeneration {unknown}
 h - a potion of flight {unknown}
 o - a potion of mutation {unknown}
 t - a potion of haste {unknown}
Comestibles
 c - 4 rations
 r - 5 chunks of flesh


   Skills:
 + Level 0.5 Fighting
 + Level 1.8 Short Blades
 + Level 3.2 Dodging
 + Level 3.5 Stealth
 + Level 5.5 Spellcasting
 + Level 0.3 Hexes
 + Level 6.1 Summonings


You had 6 spell levels left.
You knew the following spells:

 Your Spells              Type           Power        Failure   Level  Hunger
a - Summon Small Mammal   Summ           ####         1%          1    None
b - Call Imp              Summ           ####....     1%          2    None
c - Summon Guardian Gole  Hex/Summ       ###.....     8%          3    ##.....
d - Summon Lightning Spi  Summ/Air       ###.....     26%         4    ####...

Your spell library contained the following spells:

 Spells                   Type           Power        Failure   Level  Hunger
 Call Canine Familiar     Summ           ####....     2%          3    ##.....
 Corona                   Hex            #......      9%          1    None
 Animate Skeleton         Necr           N/A          10%         1    None
 Apportation              Tloc           #.....       10%         1    None
 Summon Ice Beast         Ice/Summ       ###.....     26%         4    ####...


Dungeon Overview and Level Annotations

Branches:
Dungeon (3/15)

Altars:
Ashenzari
Hepliaklqana
Qazlal


Message History

A stone appears from out of your range of vision.
The stone closely misses your crimson imp.
A hobgoblin comes into view. It is wielding a -1 club.
Casting: Call Imp (safe; 1% risk of failure)
Confirm with . or Enter, or press ? or * to list all spells.
A beastly little devil appears in a puff of frigid air.
The goblin shoots a stone.
The stone hits you but does no damage.
A goblin comes into view. It is wielding a +0 hunting sling.
Casting: Call Imp (safe; 1% risk of failure)
Confirm with . or Enter, or press ? or * to list all spells.
A beastly little devil appears in a puff of flame.
The goblin shoots a stone.
The stone closely misses you.
The goblin shoots a stone.
The stone hits your crimson imp but does no damage.
Your crimson imp disappears in a puff of smoke!
The goblin shoots a stone.
The stone hits you but does no damage.
Your white imp barely misses the goblin.
Your white imp disappears in a puff of smoke!
The goblin shoots a stone.
The stone hits you.
You die...

..≈≈≈.≈....≈..≈.≈.≈≈.≈.≈.....≈(≈≈
≈≈≈≈≈≈≈≈≈≈≈≈≈≈≈≈≈≈≈≈≈≈≈≈≈.).))≈≈≈
≈≈≈≈≈≈≈≈≈≈≈≈≈≈≈≈≈≈≈≈≈≈≈≈.....≈≈≈≈
##≈≈≈≈≈≈≈≈≈≈≈≈≈≈≈≈≈≈≈≈≈≈≈....≈≈≈≈
#########################''#####
..........).#...... #....#...
.......).())'...... #....#...
......)g.g(§#########....####
.########5.5@(.....#......#.(
#..)5).....'......'..
#g§.......)#......#..
......)#########....####
........' #....#... ........#.
#....#... ########### #########


You could see a hobgoblin, 2 goblins and 3 friendly crimson imps.

Vanquished Creatures
  2 adders
  4 gnolls (D:3)
  An ooze (D:1)
  2 dart slugs
  2 orcs (D:3)
  6 giant cockroaches
  5 goblins
  5 hobgoblins
  2 jackals (D:1)
  5 kobolds
  A ball python (D:3)
  4 bats
  4 frilled lizards
  3 rats
46 creatures vanquished.

Vanquished Creatures (collateral kills)
  2 big kobolds (D:3)
  A bullfrog (D:3)
  4 gnolls (D:3)
  3 adders
  An ooze (D:1)
  2 worms
  2 dart slugs
  35 goblins
  20 hobgoblins
  A quokka (D:3)
  3 bats
  A frilled lizard (D:3)
  4 kobolds
  2 rats
81 creatures vanquished.

Grand Total: 127 creatures vanquished

Notes
Turn   | Place    | Note
-------+----------+-------------------------------------------
     0 | D:1      | Clowwww the Deep Elf Summoner began the quest for the Orb.
     0 | D:1      | Reached XP level 1. HP: 10/10 MP: 6/6
   189 | D:1      | Reached XP level 2. HP: 11/15 MP: 4/8
   206 | D:1      | Learned a level 2 spell: Call Imp
   481 | D:1      | Reached skill level 5 in Summonings
   754 | D:1      | Reached XP level 3. HP: 10/19 MP: 6/9
   759 | D:1      | Learned a level 3 spell: Summon Guardian Golem
  1405 | D:2      | Found a shattered altar of Ashenzari.
  1564 | D:2      | Reached skill level 1 in Short Blades
  1803 | D:2      | Found a stormy altar of Qazlal.
  1876 | D:2      | Reached XP level 4. HP: 8/24 MP: 11/11
  3008 | D:3      | Noticed a bullfrog
  3022 | D:3      | Killed a bullfrog
  3297 | D:3      | Found a hazy altar of Hepliaklqana.
  3317 | D:3      | Learned a level 4 spell: Summon Lightning Spire
  3653 | D:3      | Reached XP level 5. HP: 14/28 MP: 4/13
  4765 | D:3      | Reached skill level 5 in Spellcasting
  4769 | D:3      | Reached XP level 6. HP: 13/33 MP: 2/16
  5167 | D:3      | Reached skill level 6 in Summonings
  5395 | D:3      | Shot with a stone by a goblin

Illustrated notes

Levels and vault maps discovered:
D:1:      ncdulo_wetmaze, layout_basic, minmay_misc_feat_diagonals
D:2:      minmay_chambers_of_ones, layout_loops_corners, lemuel_doored_altar,
          ashenzari_altar_1
D:3:      minmay_goblin_kobold_castle, layout_loops_corners,
          overflow_temple_1_default

Skill      XL: |  1  2  3  4  5  6 |
---------------+-------------------+-----
Summonings     | 5 6 |  6.1
Short Blades   | 1 |  1.8
Stealth        | 3 |  3.5
Dodging        | 3 |  3.2
Spellcasting   | 4 5 |  5.5
Fighting       | |  0.5
Hexes          | |  0.3

Action                   |  1- 3 |  4- 6 || total
-------------------------+-------+-------++-------
Melee: Dagger            |    85 |   103 ||   188
       Unarmed           |     2 |       ||     2
 Cast: Summon Small Mamm |     7 |       ||     7
       Call Imp          |    15 |    59 ||    74
       Summon Guardian G |       |     2 ||     2
  Use: Potion            |     1 |     1 ||     2
 Stab: Sleeping          |     5 |     2 ||     7
       Distracted        |       |     1 ||     1
  Eat: Chunk             |     3 |    12 ||    15
Armor: Robe              |    17 |    12 ||    29
Dodge: Dodged            |    62 |    96 ||   158
